 Dungeon Crawl Stone Soup version 0.28.0-53-g5a82cb258f (webtiles) character file.

Game seed: 17275802337591161428

49 funkygono the Firebug (level 3, 0/20 HPs)
             Began as a Gargoyle Fire Elementalist on July 13, 2022.
             Slain by an orc
             ... wielding a +0 flail
              (5 damage)
             ... on level 3 of the Dungeon.
             The game lasted 00:02:23 (2378 turns).

funkygono the Firebug (Gargoyle Fire Elementalist)  Turns: 2378, Time: 00:02:23

Health: 0/20       AC:  8    Str: 13    XL:     3   Next: 77%
Magic:  2/6        EV: 12    Int: 17    God:
Gold:   50         SH:  0    Dex: 10    Spells: 3/6 levels left

rFire   . . .      SeeInvis +   e - +0 club
rCold   . . .      Faith    .   (no shield)
rNeg    + . .      Spirit   .   a - +0 robe
rPois   ∞          Reflect  .   (no helmet)
rElec   +          Harm     .   m - +1 cloak of Tulips {Str+2 SInv}
rCorr   .          Rampage  .   (no gloves)
Will    .....                   f - +0 pair of boots
Stlth   ++........              (no amulet)
HPRegen 0.06/turn               (no ring)
MPRegen 0.10/turn               (no ring)

@: no status effects
A: sickness immunity, AC +3, negative energy resistance 1, electricity
resistance, torment resistance 1, petrification resistance
a: no special abilities


You were on level 3 of the Dungeon.
You visited 1 branch of the dungeon, and saw 3 of its levels.

You collected 50 gold pieces.

Inventory:

Hand Weapons
 e - a +0 club (weapon)
Armour
 a - a +0 robe (worn)
 f - a +0 pair of boots (worn)
 l - a +0 leather armour
 m - the +1 cloak of Tulips (worn) {Str+2 SInv}
   (You found it on level 2 of the Dungeon)

   Str:       It affects your strength (+2).
   SInv:      It lets you see invisible.
Jewellery
 b - an amulet of guardian spirit
 i - a ring of magical power
Wands
 h - a wand of polymorph (8)
Scrolls
 c - 2 scrolls of amnesia {unknown}
 g - a scroll of identify {unknown}
 j - a scroll of enchant weapon {unknown}
Potions
 d - a potion of haste {unknown}
 k - a potion of attraction {unknown}
 n - a potion of lignification {unknown}


   Skills:
 * Level 0.8 Fighting
 + Level 1.8 Dodging
 + Level 2.7 Stealth
 + Level 2.1 Spellcasting
 + Level 1.4 Conjurations
 + Level 3.8 Fire Magic


You had 3 spell levels left.
You knew the following spells:

 Your Spells              Type           Power      Damage    Failure   Level
a - Foxfire               Conj/Fire      40%        2x1d6     7%          1
b - Scorch                Fire           28%        2d6       6%          2

Your spell library contained the following spells:

 Spells                   Type           Power      Damage    Failure   Level
 Conjure Flame            Conj/Fire      10%        6-21      21%         3
 Inner Flame              Hex/Fire       8%         N/A       26%         3
 Ignite Poison            Fire/Tmut/Pois 6%         N/A       34%         3
 Mephitic Cloud           Conj/Pois/Air  3%         N/A       43%         3
 Flame Wave               Conj/Fire      10%        2d5       54%         4
 Freezing Cloud           Conj/Ice/Air   1%         6-21      99%         5


Dungeon Overview and Level Annotations

Branches:
Dungeon (3/15)

Altars:


Innate Abilities, Weirdness & Mutations

You are immune to sickness and miasma.
Your stone body is resilient. (AC +3)
You are immune to poison.
You resist negative energy. (rN+)
You are resistant to electric shocks. (rElec)
You are resistant to unholy torment.
You are immune to petrification.


Message History

The orc moves out of view.
An orc comes into view. It is wielding a +0 whip.
The orc shouts!
Casting: Foxfire (safe; 7% risk of failure)
Confirm with . or Enter, or press ? or * to list all spells.
You conjure some foxfire!
The orc shouts!
The orc wizard hits you with a +0 dagger.
Casting: Foxfire (safe; 7% risk of failure)
Confirm with . or Enter, or press ? or * to list all spells.
Flames lash the orc wizard.
The orc wizard is heavily wounded.
The orc wizard's fire resistance burns away.
The foxfire hits the orc wizard.
The orc wizard is burned terribly!
The orc wizard is almost dead.
The orc wizard hits you with a +0 dagger.
Casting: Scorch (safe; 6% risk of failure)
Confirm with . or Enter, or press ? or * to list all spells.
You conjure some foxfire!
The foxfire hits the orc.
The orc is almost dead.
The foxfire hits the orc.
The orc is moderately wounded.
The orc wizard casts a spell at you.
The puff of flame hits you but does no damage.
Your foxfire dissipates!
You hit the orc wizard.
The orc wizard is almost dead.
The orc wizard is no longer more vulnerable to fire.
The orc wizard points at you and mumbles some strange words.
The puff of flame hits you!
Ouch! That really hurt!
You completely miss the orc wizard.
The orc wizard is almost dead.
The orc wizard closely misses you.
The orc wizard hits you with a +0 dagger.
* * * LOW HITPOINT WARNING * * *
You closely miss the orc wizard.
The orc wizard is almost dead.
You barely miss the orc. The orc hits you with a +0 flail.
You die...

...#.......# #
...........# #
..#.......# #
.....<...# ##
#.......# ##.
#...o...# #.>
#..ooo..# #.. #o#
#.# #@# #.# #.#
######.# #.#
#......#
#.#########.######
#...........#
#############


You could see an orc wizard and 4 orcs.

Vanquished Creatures
  An adder (D:3)
  A dart slug (D:1)
  5 bats
  3 endoplasms (D:1)
  7 goblins
  4 hobgoblins
  A jackal (D:2)
  4 kobolds
  A quokka (D:2)
  3 ball pythons (D:1)
  2 frilled lizards
  A rat (D:1)
33 creatures vanquished.

Vanquished Creatures (others)
  71 foxfires
71 creatures vanquished.

Grand Total: 104 creatures vanquished

Notes
Turn   | Place    | Note
-------+----------+-------------------------------------------
     0 | D:1      | funkygono the Gargoyle Fire Elementalist began the quest
                  | for the Orb.
     0 | D:1      | Reached XP level 1. HP: 10/10 MP: 3/3
   134 | D:1      | Found a faded altar of an unknown god.
   433 | D:1      | Reached XP level 2. HP: 10/15 MP: 0/5
   644 | D:1      | Learned a level 2 spell: Scorch
  1099 | D:1      | Reached XP level 3. HP: 19/19 MP: 2/6
  1878 | D:2      | Identified the +1 cloak of Tulips {Str+2 SInv}
  2378 | D:3      | Slain by an orc

Illustrated notes

Levels and vault maps discovered:
D:1:      enne_arrival_octagon_isle, layout_loops_corners,
          dreamdust_ecumenical_altar_grove, chequers_avenue
D:2:      wad_crossroads, layout_rooms, item_on_display_a
D:3:      layout_loops_ring, mainiacjoe_overflow_alcove_4

Action                   || total
-------------------------++-------
Melee: Club              ||    17
 Cast: Foxfire           ||    46
       Scorch            ||    11
Armor: Robe              ||     6
Dodge: Dodged            ||    22
